 Dungeon Crawl Stone Soup version 0.14-a0-1637-gd423c14 (webtiles) character file.

151 Piginabag the Insei (level 4, 0/32 HPs)
             Began as a Demonspawn Transmuter on Dec 27, 2013.
             Slain by a hound (3 damage)
             ... on Level 3 of the Dungeon.
             The game lasted 00:07:09 (2799 turns).

Piginabag the Insei (Demonspawn Transmuter)         Turns: 2799, Time: 00:07:09

HP   0/32        AC  3     Str 11      XL: 4   Next: 31%
MP   3/8         EV 11     Int 14      God:
Gold 62          SH  0     Dex 14      Spells:  2 memorised,  4 levels left

rFire  . . .     SeeInvis .       - Unarmed
rCold  . . .     Clarity  .     e - +0 leather armour
rNeg   . . .     Conserve .     (no shield)
rPois  .         rCorr    .     (helmet restricted)
rElec  .         rRot     .     (no cloak)
SustAb . .       Spirit   .     (no gloves)
rMut   .         Warding  .     (boots unavailable)
Saprov . . .     Stasis   .     (no amulet)
                                (no ring)
                                (no ring)

@: appendage (expiring), about to teleport, very slightly contaminated, slightly
resistant to hostile enchantments, unstealthy
A: horns 1, talons 3
a: End Transformation


You were on level 3 of the Dungeon.
You were not hungry.
You had grown temporary talons.
You visited 1 branch of the dungeon, and saw 4 of its levels.

You collected 62 gold pieces.

Inventory:

Missiles
 b - 12 arrows
Armour
 c - a +0 robe
 e - a +0 leather armour (worn)
 o - a +0 pair of boots
Comestibles
 a - 2 bread rations
 g - 2 chokos
 k - a snozzcumber
 m - 2 meat rations
 v - a chunk of gnoll flesh
Scrolls
 f - a scroll of fog {unknown}
 h - 2 scrolls of identify {unknown}
 i - a scroll of enchant armour {unknown}
 j - a scroll of amnesia {unknown}
 l - 2 scrolls of teleportation
 n - 4 scrolls of remove curse {unknown}
 p - a scroll of curse weapon {unknown}
 q - a scroll of fear {unknown}
 r - a scroll of enchant weapon I {unknown}
 s - a scroll of blinking {unknown}
 t - a scroll of noise {unknown}
 u - a scroll of immolation {unknown}
Books
 d - a book of Changes

   Spells                             Type                      Level
   *Beastly Appendage                 Transmutation                1
   Sticks to Snakes                   Transmutation                2
   *Spider Form                       Transmutation/Poison         3
   Ice Form                           Ice/Transmutation            4
   Blade Hands                        Transmutation                5


   Skills:
 + Level 1.4 Fighting
 + Level 1.0 Armour
 + Level 2.2 Dodging
 + Level 3.3 Unarmed Combat
 + Level 2.6 Spellcasting
 + Level 2.1 Transmutations


You had 4 spell levels left.
You knew the following spells:

 Your Spells              Type           Power        Failure   Level  Hunger
a - Beastly Appendage     Trmt           #.....       12%         1    #......
b - Spider Form           Trmt/Pois      #.........   47%         3    ####...


Dungeon Overview and Level Annotations

Branches:
Dungeon (4/16)
 Temple: D:4-7

Altars:
Fedhas
Trog

Annotations:
D:4 Piginabag's ghost, average DsTm


Innate Abilities, Weirdness & Mutations

You have a pair of small horns on your head.*
You have claws for feet.*


Message History

The hound is moderately wounded.
The hound closely misses you.
You miss the hound. Your headbutt misses the hound.
The hound is moderately wounded.
The hound bites you. The hound barely misses you.
You barely miss the hound. Your kick misses the hound.
You headbutt the hound, but do no damage.
The hound is moderately wounded.
The hound bites you.
* * * LOW HITPOINT WARNING * * *
You aren't carrying any potions.
You aren't carrying any potions.
Unknown command.
Read which item? (? for menu, Esc to quit)
As you read the scroll labeled KLAL MOGUB, it crumbles to dust.
You feel strangely unstable.
It was a scroll of teleportation.
The hound bites you.
* * * LOW HITPOINT WARNING * * *
The hound bites you.
You die...

########### ..........#
########### ...........#
#.........# ...........#
#...>.....# )..........#
#..)......# .........<#
#.........#
..........#####.........+
........[.##.hJ.........#
.........'.@##.........#
........#####.........#
+######## ##'########
####.# #....#
##'######### #..........#
#..........# #..........+


You could see a hound and an ooze.

Vanquished Creatures
  2 gnolls (D:4)
  A worm (D:3)
  3 giant geckos
  An orc (D:4)
  5 bats
  2 giant cockroaches
  6 hobgoblins
  13 jackals
  3 giant newts
  8 goblins
  5 kobolds
  2 quokkas
  8 rats
59 creatures vanquished.

Notes
Turn   | Place    | Note
--------------------------------------------------------------
     0 | D:1      | Piginabag, the Demonspawn Transmuter, began the quest for the Orb.
     0 | D:1      | Reached XP level 1. HP: 15/15 MP: 3/3
   296 | D:1      | Gained mutation: You have a pair of small horns on your head. [demonic ancestry]
   296 | D:1      | Reached XP level 2. HP: 11/21 MP: 3/5
   767 | D:1      | Reached skill level 3 in Unarmed Combat
  1417 | D:2      | Reached XP level 3. HP: 26/26 MP: 6/6
  1482 | D:2      | Learned a level 3 spell: Spider Form
  1533 | D:2      | Found a bloodstained altar of Trog.
  1762 | D:2      | Found a blossoming altar of Fedhas.
  2324 | D:3      | Noticed Piginabag's ghost (average DsTm)
  2518 | D:4      | Noticed Piginabag's ghost (average DsTm)
  2582 | D:4      | Reached XP level 4. HP: 16/32 MP: 6/8
  2780 | D:4      | Reached skill level 1 in Armour
  2799 | D:3      | Slain by a hound

Action                   |  1- 3 |  4- 6 || total
-------------------------+-------+-------++-------
Melee: Unarmed           |   171 |    14 ||   185
 Cast: Beastly Appendage |    27 |     2 ||    29
       Spider Form       |       |     2 ||     2
  Use: Potion            |     4 |       ||     4
       Scroll            |       |     1 ||     1
 Stab: Sleeping          |     1 |       ||     1
